 Dungeon Crawl Stone Soup version 0.21-a0-51-gea492e9 (webtiles) character file.

2838 grindst0ne the Archer (level 9, -5/83 HPs)
             Began as a Centaur Hunter on June 12, 2017.
             Was a Believer of Okawaru.
             Slain by an ice beast (6 damage)
             ... on level 8 of the Dungeon.
             The game lasted 00:23:28 (10188 turns).

grindst0ne the Archer (Centaur Hunter)             Turns: 10188, Time: 00:23:29

Health: -5/83      AC:  4    Str: 16    XL:     9   Next: 46%
Magic:  10/10      EV:  4    Int: 10    God:    Okawaru [**....]
Gold:   734        SH:  0    Dex: 12    Spells: 7/8 levels left

rFire    . . .     SeeInvis +   a - +1 shortbow
rCold    + . .     Gourm    .   (shield currently unavailable)
rNeg     + . .     Faith    .   C - +0 chain mail {rC+}
rPois    .         Spirit   .   t - +1 hat {SInv}
rElec    .         Reflect  .   (no cloak)
rCorr    .         Harm     .   (no gloves)
MR       .....                  (no barding)
Stlth    ..........             (no amulet)
Regen    0.3/turn               y - ring of positive energy
MPRegen  0.2/turn               o - ring of see invisible

@: corroded, very slightly contaminated, slowed, drained
A: hooves 3, deformed body, speed 2, tough skin 3
a: Heroism, Renounce Religion


You were on level 8 of the Dungeon.
You worshipped Okawaru.
Okawaru was pleased with you.
You were hungry.

You visited 2 branches of the dungeon, and saw 9 of its levels.

You collected 734 gold pieces.

Inventory:

Hand Weapons
 a - a +1 shortbow (weapon)
 b - a +1 flail of holy wrath
 D - a +0 short sword
Missiles
 d - 114 arrows (quivered)
Armour
 t - a +1 hat of see invisible (worn)
 C - a +0 chain mail of cold resistance (worn)
 H - a +0 plate armour
 J - a +1 leather armour of fire resistance
Jewellery
 e - an uncursed ring of wizardry {unknown}
 o - a ring of see invisible (right hand)
 y - a ring of positive energy (left hand)
Wands
 z - a wand of iceblast (3/15)
 G - a wand of scattershot (7/9)
Scrolls
 g - a scroll of noise
 k - a scroll of teleportation
 m - 2 scrolls of remove curse
 v - 3 scrolls of enchant armour {unknown}
 K - a scroll of acquirement {unknown}
Potions
 i - a potion of lignification
 s - 3 potions of flight
 u - 2 potions of berserk rage
 w - a potion of cancellation
 B - 2 potions of agility
Books
 E - a book of Cantrips

   Spells                             Type                      Level
   a - Confusing Touch                Hexes                        1
   b - Animate Skeleton               Necromancy                   1
   c - Summon Small Mammal            Summoning                    1
   d - Apportation                    Translocation                1
Comestibles
 c - 4 chunks of flesh
 f - 5 bread rations
 h - 7 fruits
 x - 3 meat rations
 A - 3 royal jellies


   Skills:
 + Level 9.2(9.1) Fighting
 + Level 12.6(12.4) Bows
 - Level 1.3 Dodging
 - Level 0.4(0.3) Stealth
 + Level 2.4(2.3) Evocations


You had 7 spell levels left.
You knew the following spells:

 Your Spells              Type           Power        Failure   Level  Hunger
a - Apportation           Tloc           #.....       100%        1    ##.....


Dungeon Overview and Level Annotations

Branches:
Dungeon (8/15)             Temple (1/1) D:5
   Lair: D:8-11

Altars:
Ashenzari
Cheibriados
Dithmenos
Fedhas
Gozag
Hepliaklqana
Kikubaaqudgha
Makhleb
Nemelex Xobeh
Okawaru
Qazlal
Ru
Sif Muna
Trog
Uskayaw
Vehumet
Wu Jian
Xom
Yredelemnul
Zin
The Shining One

Shops:
D:6 =

Annotations:
D:5 exclusion: downstairs


Innate Abilities, Weirdness & Mutations

You have hooves in place of feet.
Armour fits poorly on your strangely shaped body.
You cover ground very quickly.
You have extremely tough skin. (AC +3)


Message History

The crimson imp blinks!
You open the door. The freezing wraith hits you.
* * * LOW HITPOINT WARNING * * *
The freezing wraith freezes you! You resist.
* * * LOW HITPOINT WARNING * * *
The freezing wraith hits you.
* * * LOW HITPOINT WARNING * * *
The freezing wraith drains your vigour!
You feel yourself slow down.
An ice beast comes into view.
There is an open door here.
The crimson imp hits the bush but does no damage.
The ice beast hits you.
* * * LOW HITPOINT WARNING * * *
The ice beast freezes you. You resist.
* * * LOW HITPOINT WARNING * * *
As you read the scroll of fog, it crumbles to dust.
The scroll dissolves into smoke.
The ice beast hits you.
* * * LOW HITPOINT WARNING * * *
The ice beast freezes you. You resist.
You die...

###################
......§§WWP5P.P.P.#
.....§§@#..D.Z....#
......§Y#..W...t..#
.....§§.#P.P.P.P..#
##+##############(#
#....#....t...?#
#....#...Z.D.Zz#
#....#....zW...#
#....#.......W.#
#...§'.........#


You could see 2 freezing wraiths and an ice beast.

Vanquished Creatures
  A hippogriff (D:7)
  A black bear (D:6)
  A sky beast (D:5)
  An orc warrior (D:7)
  An ice beast (D:7)
  3 ogres
  4 phantoms
  A hornet zombie (D:5)
  3 centaurs
  A big kobold (D:7)
  Blork the orc (D:6)
  4 bullfrogs
  A scorpion (D:6)
  A wight (D:5)
  A howler monkey (D:6)
  2 crimson imps
  A bullfrog zombie (D:6)
  2 hounds
  3 orc priests (D:7)
  A jelly (D:5)
  A centaur skeleton (D:5)
  8 orc wizards
  2 iguanas
  4 worker ants
  A hound zombie (D:5)
  A worker ant zombie (D:7)
  6 adders
  2 worms
  2 dart slugs
  5 leopard geckos
  23 orcs
  2 ball pythons
  2 giant cockroaches
  6 hobgoblins
  8 jackals
  2 quokkas
  7 bats
  7 frilled lizards
  4 goblins
  7 kobolds
  2 leopard gecko zombies
  A quokka skeleton (D:7)
  4 rats
  A butterfly (D:5)
142 creatures vanquished.

Notes
Turn   | Place    | Note
-------+----------+-------------------------------------------
     0 | D:1      | grindst0ne the Centaur Hunter began the quest for the Orb.
     0 | D:1      | Reached XP level 1. HP: 17/17 MP: 1/1
   390 | D:1      | Reached XP level 2. HP: 23/25 MP: 2/2
   948 | D:2      | Reached skill level 6 in Bows
   948 | D:2      | Reached XP level 3. HP: 22/31 MP: 3/3
  1832 | D:2      | Found a hazy altar of Hepliaklqana.
  1879 | D:2      | Reached XP level 4. HP: 38/38 MP: 4/4
  2738 | D:3      | Reached skill level 7 in Bows
  2857 | D:3      | Found a glowing golden altar of the Shining One.
  2859 | D:3      | Found a shimmering altar of Xom.
  3142 | D:4      | Reached XP level 5. HP: 12/46 MP: 5/5
  3644 | D:4      | Noticed a phantom
  3722 | D:4      | Killed a phantom
  4175 | D:5      | Entered Level 5 of the Dungeon
  4181 | D:5      | Reached XP level 6. HP: 52/53 MP: 6/6
  4251 | D:5      | Found a staircase to the Ecumenical Temple.
  5061 | D:5      | Reached skill level 5 in Fighting
  5061 | D:5      | Reached skill level 8 in Bows
  5072 | Temple   | Entered the Ecumenical Temple
  5135 | Temple   | Became a worshipper of Warmaster Okawaru
  5234 | D:5      | Noticed a sky beast
  5289 | D:5      | Killed a sky beast
  5529 | D:5      | Reached XP level 7. HP: 21/61 MP: 7/7
  5860 | D:5      | Reached skill level 9 in Bows
  5916 | D:5      | Found a hide-covered altar of Uskayaw.
  5916 | D:5      | Noticed a dagger
  5916 | D:5      | Noticed a dagger
  5999 | D:5      | Reached * piety under Okawaru
  6095 | D:5      | Learned a level 1 spell: Apportation
  6748 | D:6      | Reached skill level 10 in Bows
  6773 | D:6      | Reached XP level 8. HP: 44/71 MP: 8/8
  7342 | D:6      | Found Bylockin's Jewellery Shop.
  7724 | D:6      | Reached ** piety under Okawaru
  7724 | D:6      | Reached skill level 11 in Bows
  7885 | D:6      | Noticed Blork the orc
  8485 | D:6      | Killed Blork the orc
  8754 | D:7      | Reached XP level 9. HP: 36/82 MP: 9/9
  8894 | D:7      | Reached skill level 12 in Bows
  9308 | D:7      | Reached skill level 1 in Evocations
  9823 | D:7      | Found a radiant altar of Vehumet.
 10162 | D:8      | Noticed a freezing wraith
 10162 | D:8      | Noticed a freezing wraith
 10187 | D:8      | HP: 3/83 [ice beast (4)]
 10188 | D:8      | HP: 1/83 [ice beast (2)]
 10188 | D:8      | Slain by an ice beast

Vault maps used:
D:1:      minmay_arrival_cross
D:2:      marbit_many_paths
D:3:      nicolae_overflow_hidden_temple, minmay_misc_feat_iff
D:4:      serial_bayou_lagoon_a, st_stairs_5
D:5:      dancing_weapons_uskayaw, minmay_temple_entry_butterflies, first_bread
D:6:      serial_shops, shop, minmay_misc_feat_square, eino_curves_04,
          uniq_blork_the_orc
D:7:      vehumet_crystals
D:8:      minmay_klotski, david_lair_shrubbed, basic_altar, enter_bailey_2
Temple:   nicolae_temple_x_marks_the_god

Skill      XL: |  1  2  3  4  5  6  7  8  9 |
---------------+----------------------------+-----
Fighting       | 3 4 5 6 8 9 |  9.2
Bows           | 6 7 8 10 11 12 | 12.6
Evocations     | 2 |  2.4
Dodging        | |  1.3
Stealth        | |  0.4

Action                   |  1- 3 |  4- 6 |  7- 9 || total
-------------------------+-------+-------+-------++-------
Melee: Short sword       |    27 |    44 |    10 ||    81
       Kick              |     5 |    16 |    12 ||    33
       Flail             |       |       |    58 ||    58
 Fire: Shortbow          |    84 |   192 |   387 ||   663
  Use: Potion            |     1 |       |     3 ||     4
       Scroll            |       |     3 |    14 ||    17
  Eat: Chunk             |     2 |     9 |    11 ||    22
Armor: Leather armour    |    19 |       |    20 ||    39
       Chain mail        |    10 |    45 |    63 ||   118
Dodge: Dodged            |    30 |    14 |    72 ||   116
